 Dungeon Crawl Stone Soup version 0.32-a0-699-g1ee5eff69a (webtiles) character file.

Game seed: 15308597979462681846

1068 BeKind the Chiller (level 8, -1/47 HPs)
             Began as an Octopode Ice Elementalist on Mar 13, 2024.
             Was an Initiate of Vehumet.
             Slain by an ice beast (9 damage)
             ... on level 5 of the Dungeon.
             The game lasted 00:08:55 (5018 turns).

BeKind the Chiller (Octopode Ice Elementalist)      Turns: 5018, Time: 00:08:56

Health: -1/47      AC:  1    Str: 18    XL:     8   Next: 28%
Magic:  12/14      EV: 13    Int: 18    God:    Vehumet [......]
Gold:   324        SH:  0    Dex: 11    Spells: 7/15 levels left

rFire   . . .        c - +0 dagger (chaos)
rCold   . . .        (no shield)
rNeg    . . .        (helmet restricted)
rPois   .            (no amulet)
rElec   .            o - +6 ring of strength
rCorr   .            (no ring)
SInv    .            (no ring)
Will    .....        (no ring)
Stlth   +++          (no ring)
HPRegen 0.27/turn    (no ring)
MPRegen 0.14/turn    (no ring)
                     (no ring)

%: no passive effects
@: no status effects
A: almost no armour, amphibious, 8 rings, camouflage 1, gelatinous body 1,
(nimble swimmer 1), tentacles, deterioration 1, strong 1
a: Renounce Religion


You were on level 5 of the Dungeon.
You worshipped Vehumet.
Vehumet was noncommittal.
You visited 2 branches of the dungeon, and saw 6 of its levels.

You collected 324 gold pieces.

Inventory:

Hand Weapons
 b - a +1 dagger
 c - a +0 dagger of chaos (weapon)
 h - a +2 falchion of pain
Missiles
 f - 2 throwing nets
Jewellery
 o - a +6 ring of strength (left tentacle)
Wands
 j - a wand of polymorph (7)
Scrolls
 d - a scroll of fog
 e - a scroll of poison {unknown}
 g - 2 scrolls of enchant weapon
 i - a scroll of torment
 l - a scroll of fear {unknown}
 m - a scroll of teleportation
 n - a scroll of identify
 r - a scroll of butterflies
Potions
 a - a potion of magic
 k - a potion of enlightenment {unknown}
 q - a potion of heal wounds {unknown}


   Skills:
 + Level 0.8 Fighting
 + Level 4.8 Dodging
 - Level 2.7 Stealth
 + Level 4.4 Spellcasting
 + Level 0.8 Conjurations
 * Level 4.9 Summonings
 + Level 5.9 Ice Magic


You had 7 spell levels left.
You knew the following spells:

 Your Spells              Type           Power      Damage    Failure   Level
a - Freeze                Ice            100%       1d10      1%          1
b - Summon Ice Beast      Ice/Summ       23%        N/A       4%          3
c - Frozen Ramparts       Ice            50%        1d8       3%          3
d - Magic Dart            Conj           28%        1d4       10%         1

Your spell library contained the following spells:

 Spells                   Type           Power      Damage    Failure   Level
 Ozocubu's Armour         Ice            25%        N/A       3%          3
 Searing Ray              Conj           14%        2d5       16%         2
 Inner Flame              Hex/Fire       3%         N/A       38%         3
 Flame Wave               Conj/Fire      5%         2d5       75%         4
 Fulminant Prism          Conj/Alch      2%         3d5       75%         4
 Sticky Flame             Fire/Alch      3%         2d4       80%         4


Dungeon Overview and Level Annotations

Branches:
Dungeon (5/15)             Temple (1/1) D:5

Altars:
Ashenzari
Cheibriados
Elyvilon
Fedhas
Gozag
Hepliaklqana
Kikubaaqudgha
Makhleb
Nemelex Xobeh
Okawaru
Trog
Uskayaw
Vehumet
Wu Jian
Xom
Yredelemnul
Zin
The Shining One


Innate Abilities, Weirdness & Mutations

You cannot wear most types of armour.
You are amphibious.
You can wear up to eight rings at the same time.
Your skin changes colour to match your surroundings (Stealth+).
Your rubbery body absorbs attacks. (AC +1, EV +1)
((You are camouflaged when in or above water. (Stealth+)))
You have tentacles for arms and can constrict up to eight enemies at once.
Your body sometimes deteriorates upon taking damage.
Your muscles are strong. (Str +4, Int/Dex -1)


Message History

You feel sick.
You feel sick.
You are no longer poisoned.
You see here an adder corpse.
You open the door.
There is an open door here.
As you open the door, it creaks loudly!
There is an open door here.
You open the door.
An ice beast comes into view.
There is an open door here.
An ice beast is nearby!
Casting: Summon Ice Beast (dangerous; 4% risk of failure)
Confirm with . or Enter, or press ? or * to list all spells.
A chill wind blows around you.
You barely miss the ice beast. You squeeze the ice beast!
The ice beast is moderately wounded.
The ice beast hits you. The ice beast freezes you!
You hit the ice beast but do no damage.
The ice beast is moderately wounded.
The ice beast barely misses you.
Your ice beast hits the ice beast but does no damage.
You barely miss the ice beast.
The ice beast is moderately wounded.
The ice beast barely misses you.
Your ice beast closely misses the ice beast.
You closely miss the ice beast. Your squeeze misses the ice beast.
The ice beast is moderately wounded.
The ice beast hits you. The ice beast freezes you!
Your ice beast barely misses the ice beast.
Unknown command.
You hit the ice beast.
The ice beast is moderately wounded.
The ice beast hits you. The ice beast freezes you!
* * * LOW HITPOINT WARNING * * *
Your ice beast hits the ice beast but does no damage.
You swap places.
The ice beast hits you.
* * * LOW HITPOINT WARNING * * *
The ice beast freezes you!
You die...

######### ........
#...#...# .
........#...#...# ..
........#...'...# ..
.......#...#...# #.
#..##..##..##)##
###..##..##..##..##.)###
........Y#.......#..†...
.......@Y#.......#......
.........'.....††+......
.######.###.###..##'####
#.###'###..##..###
..#....'...#....#.
...#....#...#....#.
######.##+####..###
####.####..###
............


You could see an ice beast (ally target) and a friendly ice beast (summoned).

Vanquished Creatures
  Sigmund (D:3)
  A black bear (D:5)
  3 crimson imps (D:5)
  A jelly (D:5)
  3 hounds
  3 orc priests
  4 orc wizards
  Natasha (thrice) (D:2)
  7 adders
  2 dart slugs
  3 ribbon worms
  9 orcs
  3 ball pythons
  8 endoplasms
  A giant cockroach (D:2)
  9 goblins
  8 hobgoblins
  3 jackals (D:2)
  3 quokkas
  5 bats
  2 frilled lizards (D:2)
  6 kobolds
  2 rats
90 creatures vanquished.

Vanquished Creatures (collateral kills)
  A crimson imp (D:5)
  A bombardier beetle (D:3)
  A hound (D:3)
  An iguana (D:4)
  An orc wizard (D:5)
  10 orcs
  A ball python (D:3)
16 creatures vanquished.

Grand Total: 106 creatures vanquished

Notes
Turn   | Place    | Note
-------+----------+-------------------------------------------
     0 | D:1      | BeKind the Octopode Ice Elementalist began the quest for
                  | the Orb.
     0 | D:1      | Reached XP level 1. HP: 11/11 MP: 3/3
   358 | D:1      | Reached XP level 2. HP: 15/17 MP: 5/5
   967 | D:2      | Reached XP level 3. HP: 19/21 MP: 4/6
  1120 | D:2      | Noticed Natasha
  1129 | D:2      | HP: 1/21 [Natasha/magic dart (6)]
  1131 | D:2      | Killed Natasha
  1334 | D:2      | Noticed Natasha
  1341 | D:2      | Killed Natasha
  1342 | D:2      | Reached XP level 4. HP: 27/27 MP: 2/8
  1562 | D:2      | Learned a level 3 spell: Summon Ice Beast
  1607 | D:2      | Noticed Natasha
  1626 | D:2      | Killed Natasha
  1627 | D:2      | Reached XP level 5. HP: 26/31 MP: 9/9
  2176 | D:3      | Reached skill level 1 in Summonings
  2501 | D:3      | Noticed Sigmund
  2511 | D:3      | Killed Sigmund
  2512 | D:3      | Reached skill level 5 in Ice Magic
  2512 | D:3      | Reached XP level 6. HP: 26/36 MP: 6/11
  2850 | D:3      | Reached XP level 7. HP: 31/41 MP: 9/12
  3274 | D:2      | Learned a level 3 spell: Frozen Ramparts
  4095 | D:5      | Entered Level 5 of the Dungeon
  4104 | D:5      | Found a staircase to the Ecumenical Temple.
  4110 | Temple   | Entered the Ecumenical Temple
  4204 | Temple   | Became a worshipper of Vehumet
  4273 | D:5      | Gained mutation: Your body sometimes deteriorates upon
                  | taking damage. [potion of mutation]
  4273 | D:5      | Gained mutation: Your muscles are strong. (Str +4, Int/Dex
                  | -1) [potion of mutation]
  4428 | D:5      | Found a shimmering altar of Xom.
  4640 | D:5      | Found an opulent altar of Gozag.
  4690 | D:5      | Reached XP level 8. HP: 46/46 MP: 12/14
  4768 | D:5      | Learned a level 1 spell: Magic Dart
  5018 | D:5      | Slain by an ice beast

Illustrated notes

Levels and vault maps discovered:
D:1:      lemuel_arrival_river_ford, layout_loops_ring,
          nicolae_houndstooth_variations
D:2:      layout_loops_corners, minmay_tetromino_i4, uniq_natasha
D:3:      layout_basic, uniq_sigmund
D:4:      layout_cave_pools, nicolae_underground_beach
D:5:      layout_gridville, led_xom_imps, mainiacjoe_overflow_boulevard,
          minmay_temple_entry_grid, ebering_ghost_sewer_d,
          pf_guarded_unrand_woodcutter
Temple:   nicolae_temple_slightly_damp_pantheon

Skill      XL: |  1  2  3  4  5  6  7 |
---------------+----------------------+-----
Dodging        | 3 4 |  4.8
Spellcasting   | 3 4 |  4.4
Summonings     | 2 3 4 |  4.9
Ice Magic      | 5 |  5.9
Fighting       | |  0.8
Stealth        | |  2.7
Conjurations   | |  0.8

Action                     |  1- 3 |  4- 6 |  7- 9 || total
---------------------------+-------+-------+-------++-------
  Melee: Dagger            |    21 |    46 |    27 ||    94
         Constrict         |     7 |    13 |    23 ||    43
         Tentacles         |     6 |     8 |    18 ||    32
         Unarmed           |       |    16 |       ||    16
         Falchion          |       |       |    43 ||    43
   Cast: Freeze            |    21 |    14 |    10 ||    45
         Summon Ice Beast  |       |     3 |    15 ||    18
         Frozen Ramparts   |       |       |     6 ||     6
         Magic Dart        |       |       |     4 ||     4
    Use: Scroll            |       |       |     5 ||     5
         Potion            |       |       |     4 ||     4
   Stab: Sleeping          |     7 |     6 |     5 ||    18
         Distracted        |     1 |       |     1 ||     2
 Armour: Skin              |    16 |    34 |    53 ||   103
  Dodge: Dodged            |    11 |    41 |    57 ||   109

Table legend: (Time is in decaauts)
 A = Elapsed time spent in this place.
 B = Non-inter-level travel time spent in this place.
 C = Inter-level travel time spent in this place.
 D = Time resting spent in this place.
 E = Time spent auto-exploring this place.
 F = Levels seen in this place.
 G = Mean time per level.
                   A        B        C        D        E       F      G
               +--------+--------+--------+--------+--------+-----+--------+
         Total |   5019 |   4698 |    321 |    619 |   3395 |   6 |  836.5 |
       Dungeon |   4902 |   4695 |    207 |    619 |   3395 |   5 |  980.4 |
        Temple |    116 |      2 |    114 |      0 |      0 |   1 |  116.0 |
               +--------+--------+--------+--------+--------+-----+--------+

Top non-repeatable levels by time:
     D:2: 1594 daAuts
     D:3: 1046 daAuts
     D:1: 863 daAuts
     D:5: 796 daAuts
     D:4: 601 daAuts
  Temple: 116 daAuts
